 Dungeon Sprint DCSS version 0.22-a0-354-g30dfbe6 (webtiles) character file.

6 Kikal the Ruffian (level 2, -1/21 HPs)
             Began as a Formicid Transmuter on Apr 16, 2018.
             Slain by a human (4 damage)
             ... in the Dungeon (Sprint III: "The Ten Rune Challenge").
             The game lasted 00:01:28 (100 turns).

Kikal the Ruffian (Formicid Transmuter)              Turns: 100, Time: 00:01:29

Health: -1/21      AC:  2    Str: 14    XL:     2   Next: 0%
Magic:  3/6        EV: 12    Int: 12    God:
Gold:   6          SH:  0    Dex: 11    Spells: 4/7 levels left

rFire    . . .     SeeInvis +     - Unarmed
rCold    . . .     Gourm    .   (no shield)
rNeg     . . .     Faith    .   b - +0 robe
rPois    .         Spirit   .   (helmet unavailable)
rElec    .         Reflect  .   (no cloak)
rCorr    .         Harm     .   (no gloves)
MR       .....                  (no boots)
Stlth    +.........             (no amulet)
HPRegen  0.07/turn              (no ring)
MPRegen  0.10/turn              (no ring)

@: no status effects
A: permanent stasis, dig shafts and tunnels, four strong arms, antennae 3
a: Dig


You were in the Dungeon.
You were not hungry.

You visited 1 branch You collected 6 gold pieces.

Inventory:

Missiles
 a - 10 arrows
Armour
 b - a +0 robe (worn)
Scrolls
 j - a scroll of blinking
Potions
 e - a potion of curing
 f - a potion of heal wounds
 g - a potion of haste
 h - 2 potions of magic
 i - a potion of berserk rage
Comestibles
 c - 2 chunks of flesh
 d - a ration


   Skills:
 + Level 1.1 Fighting
 - Level 1.7 Dodging
 + Level 3.6 Unarmed Combat
 - Level 3.0 Spellcasting
 + Level 3.1 Transmutations


You had 4 spell levels left.
You knew the following spells:

 Your Spells              Type           Power        Failure   Level  Hunger
a - Beastly Appendage     Tmut           #.....       7%          1    #......
b - Sticks to Snakes      Tmut           #.......     10%         2    ###....


Dungeon Overview and Level Annotations

Branches:
Dungeon (1/1)

Altars:


Innate Abilities, Weirdness & Mutations

You cannot be hasted, slowed, berserked, paralysed or teleported.
You can dig through walls and to a lower floor.
Your four strong arms can wield two-handed weapons with a shield.
You have a pair of large antennae on your head. (SInv)


Message History

You miss the human. The human barely misses you.
You barely miss the human. The human hits you!
You take 7 damage, and have 14/21 hp.
MASSIVE DAMAGE!!
You barely miss the human. The human barely misses you.
You barely miss the human. Your punch misses the human. The human hits you!
You take 7 damage, and have 7/21 hp.
MASSIVE DAMAGE!!
You barely miss the human. Your kick misses the human. The human misses you.
You hit the human. The human hits you.
* * * LOW HITPOINT WARNING * * *
You take 3 damage, and have 4/21 hp.
You hit the human. Your kick misses the human. The human barely misses you.
You barely miss the human. The human hits you.
* * * LOW HITPOINT WARNING * * *
Your magical contamination has completely faded away.
You take 2 damage, and have 2/21 hp.
Your talons disappear.
There is an open door here.
There is an open door here.
You hit the human. The human hits you.
You die...

▓▓▓▓ ▓<.# ▓..# {
▓#'#### ▓.@...#
▓..p..#...≈≈♣♣
▓.....#..≈≈≈≈♣♣♣
▓####'#..≈≈≈≈≈≈♣
▓[...÷#.≈≈≈≈≈≈..
▓.....#.≈≈≈≈≈...
▓.....#.≈≈≈.....
▓'#####.........
▓...............


You could see a human.

Vanquished Creatures
  An ooze (D)
  3 rats (D)
4 creatures vanquished.

Vanquished Creatures (others)
  A hellion (D)
  2 plants (D)
3 creatures vanquished.

Grand Total: 7 creatures vanquished

Notes
Turn   | Place    | Note
-------+----------+-------------------------------------------
     0 | D        | Kikal the Formicid Transmuter began the quest for the Orb.
     0 | D        | Reached XP level 1. HP: 15/15 MP: 3/3
    36 | D        | Reached XP level 2. HP: 21/21 MP: 4/6
    43 | D        | Learned a level 2 spell: Sticks to Snakes
    79 | D        | Killed a hellion
   100 | D        | Slain by a human

Vault maps used:
D:        dungeon_sprint_mu

Skill      XL: |  1 |
---------------+----+-----
Transmutations | 3 |  3.1
Spellcasting   | 3 |  3.0
Fighting       | |  1.1
Dodging        | |  1.7
Unarmed Combat | |  3.6

Action                   || total
-------------------------++-------
Melee: Unarmed           ||    22
       Kick              ||     2
 Cast: Beastly Appendage ||     4
       Sticks to Snakes  ||     2
Armor: Robe              ||     1
Dodge: Dodged            ||    12

Table legend:
 A = Spawn XP
 B = Non-spawn XP
 C = Spawn XP percentage of total XP
 D = Spawn monster count
 E = Non-spawn monster count
 F = Spawn count percentage of total count
 G = Total turns spent on level
                    A         B        C        D         E        F      G
               +---------+---------+-------+---------+---------+-------+---------
         Total |       0 |       9 |   0.0 |       0 |       4 |   0.0 |   100
               +---------+---------+-------+---------+---------+-------+---------
             D |       0 |       9 |   0.0 |       0 |       4 |   0.0 |   100
               +---------+---------+-------+---------+---------+-------+---------
